 Dungeon Crawl Stone Soup version 0.19-a0-1170-g18f0c96 (webtiles) character file.

90 jacquesderrida the Slasher (level 4, 0/37 HPs)
             Began as a Minotaur Warper on Aug 17, 2016.
             Was an Initiate of Makhleb.
             Slain by a gnoll
             ... wielding a +0 spear
              (8 damage)
             ... on level 4 of the Dungeon.
             The game lasted 00:01:58 (547 turns).

jacquesderrida the Slasher (Minotaur Warper)         Turns: 547, Time: 00:01:59

Health: 0/37       AC:  3    Str: 15    XL:     4   Next: 32%
Magic:  5/5        EV: 12    Int: 10    God:    Makhleb [......]
Gold:   4          SH:  0    Dex: 11    Spells: 1 memorised, 4 levels left

rFire  . . .     SeeInvis .     o - +0 falchion (curse)
rCold  . . .     Gourm    .     b - +0 leather armour
rNeg   . . .     Faith    .     (no shield)
rPois  .         Spirit   .     (helmet restricted)
rElec  .         Dismiss  .     (no cloak)
rCorr  .         Reflect  .     (no gloves)
MR     .....     Harm     .     (no boots)
Stlth  ++........               (no amulet)
                                (no ring)
                                j - ring of stealth

@: no status effects
A: retaliatory headbutt, horns 2, wild magic 1
a: Renounce Religion


You were on level 4 of the Dungeon.
You worshipped Makhleb.
Makhleb was noncommittal.
You were not hungry.

You visited 2 branches of the dungeon, and saw 5 of its levels.

You collected 4 gold pieces.

Inventory:

Hand Weapons
 a - a +0 falchion
 o - a cursed +0 falchion (weapon)
Missiles
 e - 5 tomahawks of dispersal (quivered)
Armour
 b - a +0 leather armour (worn)
Jewellery
 j - a ring of stealth (left hand)
Scrolls
 d - 3 scrolls of blinking
 g - a scroll of identify {unknown}
Potions
 i - 2 potions of curing {unknown}
 k - a potion of heal wounds {unknown}
 m - a potion of cancellation {unknown}
Books
 c - a book of Spatial Translocations

   Spells                             Type                      Level
   a - Apportation                    Translocation                1
   b - Blink                          Translocation                2
   c - Shroud of Golubria             Charms/Translocation         2
   d - Portal Projectile              Translocation                3
   e - Teleport Other                 Translocation                3
   f - Passage of Golubria            Translocation                4
Comestibles
 f - 4 bread rations
 l - a meat ration
 n - a beef jerky
 p - a chunk of flesh


   Skills:
 - Level 2.4 Fighting
 + Level 5.6 Long Blades
 - Level 1.0 Throwing
 - Level 1.2 Armour
 - Level 2.1 Dodging
 - Level 1.3 Spellcasting
 - Level 2.1 Translocations


You had 4 spell levels left.
You knew the following spells:

 Your Spells              Type           Power        Failure   Level  Hunger
a - Apportation           Tloc           #.........   24%         1    ##.....


Dungeon Overview and Level Annotations

Branches:
Dungeon (4/15)             Temple (1/1) D:4

Altars:
Elyvilon
Makhleb
Pakellas
Ru
Sif Muna
Trog
Uskayaw
Xom
Yredelemnul
Zin
The Shining One


Innate Abilities, Weirdness & Mutations

You reflexively headbutt those who attack you in melee.
You have a pair of horns on your head.
Your spells are a little harder to cast, but a little more powerful.


Message History

The adder is severely wounded.
The adder barely misses you. x2; You riposte.
You closely miss the adder.
The adder is severely wounded.
The gnoll shouts!
You hit the adder.
The adder is almost dead.
The adder barely misses you.
You riposte.
You hit the adder.
You kill the adder!
Makhleb accepts your kill.
Found 11 gold pieces.
Found a ring mail.
Found two daggers.
Found a white potion.
You see here a white potion.
i - 2 white potions (gained 1) It was a potion of beneficial mutation.
You feel less in control of your magic.
You feel fantastic!
The gnoll hits you from afar with a spear!
You die...

.#####..###.#
.)..........#
###.#...#####
###...#.####
...........#
###...#.##.#
.....##g# #
#######.#
#...@# #.####
#


You could see a gnoll.

Vanquished Creatures
  A hound (D:4)
  A worker ant (D:4)
  2 adders
  An ooze (D:2)
  A dart slug (D:3)
  A ball python (D:2)
  A bat (D:2)
  2 giant cockroaches
  A hobgoblin (D:3)
  3 jackals (D:1)
  A rat (D:2)
15 creatures vanquished.

Notes
Turn   | Place    | Note
-------+----------+-------------------------------------------
     0 | D:1      | jacquesderrida the Minotaur Warper began the quest for the Orb.
     0 | D:1      | Reached XP level 1. HP: 18/18 MP: 1/1
   101 | D:2      | Reached skill level 3 in Long Blades
   101 | D:2      | Reached XP level 2. HP: 21/25 MP: 3/3
   129 | D:2      | Reached skill level 4 in Long Blades
   310 | D:4      | Reached XP level 3. HP: 18/30 MP: 4/4
   386 | D:4      | Found a staircase to the Ecumenical Temple.
   394 | Temple   | Entered the Ecumenical Temple
   404 | Temple   | Became a worshipper of Makhleb the Destroyer
   498 | D:4      | Reached skill level 5 in Long Blades
   498 | D:4      | Reached XP level 4. HP: 7/37 MP: 5/5
   505 | D:4      | Noticed an ogre
   547 | D:4      | Gained mutation: Your spells are a little harder to cast, but a little more powerful. [potion of beneficial mutation]
   547 | D:4      | Slain by a gnoll

Vault maps used:
D:1:      arrival_zaba_pyramid
D:3:      gammafunk_temple_overflow_forgotten, cheibriados_altar_1, first_bread
D:4:      lemuel_coloured_pillars_altar
Temple:   minmay_freezing_vapour_temple

Skill      XL: |  1  2  3 |
---------------+----------+-----
Long Blades    | 3 4 5 |  5.6
Fighting       | |  2.4
Throwing       | |  1.0
Armour         | |  1.2
Dodging        | |  2.1
Spellcasting   | |  1.3
Translocations | |  2.1

Action                   |  1- 3 |  4- 6 || total
-------------------------+-------+-------++-------
Melee: Falchion          |    51 |     7 ||    58
       Headbutt          |     7 |       ||     7
  Use: Potion            |       |     1 ||     1
Armor: Leather armour    |     9 |     1 ||    10
Dodge: Dodged            |    35 |     4 ||    39
